 Dungeon Crawl Stone Soup version 0.29-a0-998-g1987434951 (webtiles) character file.

Game seed: 14617861203061726968

823 avis the Cleaver (level 7, -3/61 HPs)
             Began as a Hill Orc Monk on Aug 6, 2022.
             Was a Priest of Beogh.
             Slain by an ogre
             ... wielding a +0 giant spiked club
              (33 damage)
             ... on level 5 of the Dungeon.
             The game lasted 00:23:47 (4650 turns).

avis the Cleaver (Hill Orc Monk)                    Turns: 4650, Time: 00:23:48

Health: -3/61      AC: 13    Str: 16    XL:     7   Next: 96%
Magic:  11/11      EV: 10    Int: 10    God:    Beogh [***...]
Gold:   207        SH:  0    Dex: 13    Spells: 6/6 levels left

rFire   + . .      SeeInvis .   a - +0 hand axe
rCold   . . .      Faith    .   (no shield)
rNeg    . . .      Spirit   .   f - +2 scale mail {rF+}
rPois   +          Reflect  .   g - +0 helmet
rElec   .          Harm     .   h - +0 cloak
rCorr   .          Rampage  .   x - +0 pair of gloves of Greater Demons {*Corrode rPois Will++ Regen+}
Will    ++...                   n - +1 pair of boots
Stlth   ..........              i - amulet of the acrobat
HPRegen 1.00/turn               (no ring)
MPRegen 0.12/turn               (no ring)

@: no status effects
A: no striking features
a: Renounce Religion, Smiting


You were on level 5 of the Dungeon.
You worshipped Beogh.
Beogh was most pleased with you.
You visited 1 branch of the dungeon, and saw 5 of its levels.

You collected 207 gold pieces.

Inventory:

Hand Weapons
 a - a +0 hand axe (weapon)
 b - a +0 sling
 e - a +0 spear
 j - a +2 dagger of venom
 s - a +0 spear
 C - a +1 dagger of draining
 D - a +0 trident
 F - a +2 dagger of venom
 M - a +0 shortbow
 N - a +0 flail
Missiles
 t - 3 datura-tipped darts
Armour
 f - a +2 scale mail of fire resistance (worn)
 g - a +0 helmet (worn)
 h - a +0 cloak (worn)
 n - a +1 pair of boots (worn)
 q - a +0 ring mail
 x - the +0 pair of gloves of Greater Demons (worn) {*Corrode rPois Will++ Regen+}
   (You found it on level 3 of the Dungeon)

   rPois:     It protects you from poison.
   Regen:     It increases your rate of health regeneration.
   *Corrode:  It may corrode you when you take damage.
   Will:      It greatly increases your willpower.
 E - a +2 robe of willpower
Jewellery
 i - an amulet of the acrobat (around neck)
 z - a ring of ice
Wands
 A - a wand of mindburst (12)
Scrolls
 l - a scroll of amnesia {unknown}
 o - 2 scrolls of blinking {unknown}
 r - 2 scrolls of immolation {unknown}
 v - a scroll of magic mapping {unknown}
 w - 2 scrolls of teleportation {unknown}
 y - a scroll of butterflies {unknown}
 G - a scroll of vulnerability {unknown}
 J - a scroll of enchant armour {unknown}
 K - a scroll of brand weapon {unknown}
Potions
 c - 2 potions of ambrosia
 d - 2 potions of mutation
 k - 3 potions of magic
 m - 2 potions of heal wounds
 p - 5 potions of curing
 B - 2 potions of brilliance
 H - a potion of berserk rage {unknown}
 I - a potion of attraction {unknown}
 L - a potion of degeneration {unknown}
 O - a potion of flight {unknown}


   Skills:
 - Level 5.0 Fighting
 * Level 9.8 Axes
 - Level 2.4 Dodging
 - Level 1.5 Stealth
 + Level 5.5 Invocations


You had 6 spell levels left.
You didn't know any spells.
Your spell library contained the following spells:

 Spells                   Type           Power      Damage    Failure   Level
 Dazzling Flash           Conj/Hex       0%         N/A       99%         3
 Ozocubu's Armour         Ice            0%         N/A       99%         3
 Agony                    Necr           0%         N/A       100%        5
 Blade Hands              Tmut           0%         N/A       100%        5
 Irradiate                Conj/Tmut      0%         3d11      100%        5
 Silence                  Hex/Air        0%         N/A       100%        5
 Dragon Form              Tmut           0%         N/A       100%        7
 Ozocubu's Refrigeration  Ice            0%         4d7       100%        7


Dungeon Overview and Level Annotations

Branches:
Dungeon (5/15)
 Temple: D:4-7

Altars:
Gozag
Xom


Message History

There is an open door here.
You see here an adder corpse.
You see here a quokka corpse.
You see here a giant cockroach corpse.
There is an open door here.
Things that are here:
a +0 giant spiked club; a hobgoblin corpse You see here a gnoll skeleton.
You feel a little less mighty now.
You open the door.
There is an open door here.
Things that are here:
a +0 whip; 3 stones
There is an open door here.
There is an open door here.
There is an open door here.
Done exploring.
Done exploring.
Search for what [Enter for "axe", or ? for help]? .
There is an open door here.
There is a stone staircase leading down here.
You climb downwards.
The ogre shouts!
Found a scroll labelled YPOTUSS BIRU.
Found a stone staircase leading down.
There is a stone staircase leading up here.
You hit the ogre.
The ogre is lightly wounded.
You hit the ogre.
The ogre is moderately wounded.
The ogre hits you with a +0 giant spiked club!!
You slash the ogre!
The ogre is heavily wounded.
You barely miss the ogre.
The ogre is heavily wounded.
The ogre hits you with a +0 giant spiked club!
You slash the ogre!
The ogre is severely wounded.
The ogre hits you with a +0 giant spiked club!!
Ouch! That really hurt!
You die...

########
#......#
#......#
#......##.
+.......>.
#<@O....#
#.......#
#.......#
#.........
#.....?###
#........
#.......##
#........


You could see an ogre.

Vanquished Creatures
  A yak (D:4)
  A sky beast (D:4)
  A centaur (D:4)
  2 phantoms (D:4)
  A scorpion (D:3)
  An orc priest (D:3)
  2 orc wizards
  5 gnolls
  5 adders
  3 ufetubi (D:4)
  A worm (D:2)
  3 dart slugs
  2 orcs
  6 ball pythons
  5 endoplasms
  6 giant cockroaches
  8 goblins
  7 hobgoblins
  5 quokkas
  5 bats
  5 frilled lizards
  7 kobolds
  5 rats
  A spectral kobold (D:3)
88 creatures vanquished.

Vanquished Creatures (collateral kills)
  An adder (D:4)
1 creature vanquished.

Vanquished Creatures (others)
  An ogre (D:4)
  An orc (D:3)
  An endoplasm (D:3)
  2 hobgoblins (D:3)
  A kobold (D:3)
  2 plants (D:2)
8 creatures vanquished.

Grand Total: 97 creatures vanquished

Notes
Turn   | Place    | Note
-------+----------+-------------------------------------------
     0 | D:1      | avis the Hill Orc Monk began the quest for the Orb.
     0 | D:1      | Reached XP level 1. HP: 19/19 MP: 1/1
   276 | D:1      | Reached XP level 2. HP: 26/26 MP: 2/2
   483 | D:1      | Reached skill level 5 in Axes
  1255 | D:2      | Reached XP level 3. HP: 31/31 MP: 3/3
  1321 | D:2      | Found an opulent altar of Gozag.
  1398 | D:2      | Reached skill level 6 in Axes
  1815 | D:2      | Reached XP level 4. HP: 24/39 MP: 4/4
  1848 | D:2      | Reached skill level 7 in Axes
  2575 | D:3      | Identified the +0 pair of gloves of Greater Demons
                  | {*Corrode rPois Will++ Regen+}
  2770 | D:3      | Found a faded altar of an unknown god.
  2803 | D:3      | Became a worshipper of Beogh the Brigand
  2803 | D:3      | Reached * piety under Beogh
  2803 | D:3      | Reached ** piety under Beogh
  3200 | D:3      | Found a shimmering altar of Xom.
  3201 | D:3      | Found a shimmering altar of Xom.
  3203 | D:3      | Found a shimmering altar of Xom.
  3205 | D:3      | Found a shimmering altar of Xom.
  3463 | D:4      | Reached XP level 5. HP: 46/46 MP: 5/5
  3474 | D:3      | Reached skill level 1 in Invocations
  3527 | D:3      | Reached skill level 5 in Fighting
  3527 | D:3      | Reached XP level 6. HP: 56/56 MP: 6/8
  3954 | D:4      | Noticed a sky beast
  3974 | D:4      | Killed a sky beast
  3975 | D:4      | Reached skill level 8 in Axes
  3975 | D:4      | Reached XP level 7. HP: 46/61 MP: 8/10
  4247 | D:4      | Noticed a yak
  4288 | D:4      | Reached *** piety under Beogh
  4326 | D:4      | Reached skill level 9 in Axes
  4326 | D:4      | Reached skill level 5 in Invocations
  4418 | D:4      | Killed a yak
  4643 | D:5      | Entered Level 5 of the Dungeon
  4650 | D:5      | Slain by an ogre

Illustrated notes

Levels and vault maps discovered:
D:1:      erik_arrival_cave_to_civilisation [erik_arrival_cave_to_hall],
          layout_basic, minmay_pentomino_z2
D:2:      layout_basic, basic_altar, guppyfry_early_lair_pool
D:3:      cheibrodos_pilgrimage, layout_loops_ring, xom_redecorated,
          dreamdust_ecumenical_altar_drowned_temple
D:4:      minmay_clustersquares, layout_basic
D:5:      layout_basic, grunt_gozag_statues, grunt_qazlal_sundering,
          minmay_temple_entry_mini_moons, chequers_serial_rivers_large_b,
          minmay_misc_feat_tower

Skill      XL: |  1  2  3  4  5  6  7 |
---------------+----------------------+-----
Axes           | 5 6 7 8 9 |  9.8
Fighting       | 4 5 |  5.0
Invocations    | 2 4 5 |  5.5
Dodging        | |  2.4
Stealth        | |  1.5

Action                   |  1- 3 |  4- 6 |  7- 9 || total
-------------------------+-------+-------+-------++-------
Melee: Hand axe          |    92 |   156 |    66 ||   314
       Punch             |       |     1 |     3 ||     4
 Fire: Sling             |    32 |    36 |    15 ||    83
       Shortbow          |       |     4 |       ||     4
Throw: Dart              |       |       |     3 ||     3
Invok: Convert to Beogh  |       |     1 |       ||     1
  Use: Scroll            |       |       |     6 ||     6
       Potion            |       |       |     1 ||     1
 Stab: Distracted        |       |       |     1 ||     1
Armor: Robe              |    17 |       |       ||    17
       Ring mail         |    16 |    70 |    17 ||   103
Dodge: Dodged            |    63 |    96 |    39 ||   198

Table legend: (Time is in decaauts)
 A = Elapsed time spent in this place.
 B = Non-inter-level travel time spent in this place.
 C = Inter-level travel time spent in this place.
 D = Time resting spent in this place.
 E = Time spent auto-exploring this place.
 F = Levels seen in this place.
 G = Mean time per level.
                   A        B        C        D        E       F      G
               +--------+--------+--------+--------+--------+-----+--------+
         Total |   4672 |   4228 |    444 |    756 |   2231 |   5 |  934.4 |
       Dungeon |   4672 |   4228 |    444 |    756 |   2231 |   5 |  934.4 |
               +--------+--------+--------+--------+--------+-----+--------+

Top non-repeatable levels by time:
     D:1: 1303 daAuts
     D:2: 1302 daAuts
     D:3: 1058 daAuts
     D:4: 1001 daAuts
     D:5: 5 daAuts
